cohdb
Replays
Latest Replays
All Replays
Popular Replays
Top Player Replays
Match Explorer
How It Works
Community
CoH3 Stats
Reddit
Sign in to upload your games and track your stats! →
Sign in with Steam
Match 45448286
Unlisted
Match 45448286
Overview
Messages
Build Orders
End
Kettenkrad Recon Vehicle
Construct Infanterie Kompanie
Grenadier Squad
Grenadier Squad
Grenadier Squad
MG 42 Machine Gun Team
Infanterie Officer Quarters
Pioneer Squad
Construct Luftwaffe Kompanie
221 Scout Car
Selects Breakthrough Battlegroup
Selects Rapid Production
Selects Assault Grenadiers
Selects Breakthrough
Jäger Squad
Selects Mechanized Assault Group
Mechanized Assault Group
Support Elements
Breakthrough
MadMax
Wonder
0
0
Comments
sign in to comment!
No comments posted yet!